 Dungeon Crawl Stone Soup version 0.31-a0-816-gd61d57ddb1 (webtiles) character file.

Game seed: 5840750287138262644

868 Pixllover the Cudgeller (level 8, 0/72 HPs)
             Began as a Gargoyle Berserker on Sept 22, 2023.
             Was a Believer of Trog.
             Killed by divine providence
             ... invoked by an orc priest
              (12 damage)
             ... on level 6 of the Dungeon.
             The game lasted 00:13:59 (3949 turns).

Pixllover the Cudgeller (Gargoyle Berserker)        Turns: 3949, Time: 00:13:59

Health: 0/72       AC:  1    Str: 22    XL:     8   Next: 3%
Magic:  8/8        EV:  9    Int:  9    God:    Trog [**....]
Gold:   155        SH:  0    Dex:  9    Spells: 7/7 levels left

rFire   . . .        f - +4 flail (drain)
rCold   . . .        (no shield)
rNeg    + . .        g - +0 chain mail
rPois   ∞            (no helmet)
rElec   +            (no cloak)
rCorr   .            j - +0 pair of gloves
SInv    .            m - +0 pair of boots
Will    ++...        (no amulet) Stlth
                     (no ring)
HPRegen 1.32/turn    (no ring)
MPRegen 0.11/turn

%: no passive effects
@: berserking, strong-willed, corroded, regenerating, very quick
A: sickness immunity, AC +5, negative energy resistance 1, electricity
resistance, torment resistance 1, petrification resistance
a: Renounce Religion, Berserk, Trog's Hand


You were on level 6 of the Dungeon.
You worshipped Trog.
Trog was pleased with you.
You visited 1 branch of the dungeon, and saw 6 of its levels.

You collected 239 gold pieces.
You spent 84 gold pieces at shops.

Inventory:

Hand Weapons
 a - a +1 mace of protection
 f - a +4 flail of draining (weapon)
Missiles
 c - 9 poisoned darts (quivered)
 n - a throwing net
Armour
 g - a +0 chain mail (worn)
 j - a +0 pair of gloves (worn)
 m - a +0 pair of boots (worn)
Wands
 e - a wand of mindburst (23)
Scrolls
 k - 2 scrolls of blinking
 o - 2 scrolls of identify
Potions
 b - 2 potions of might
 d - a potion of resistance {unknown}
 h - 3 potions of curing
 i - a potion of haste
 l - a potion of heal wounds


   Skills:
 + Level 4.6 Fighting
 + Level 7.3 Maces & Flails
 + Level 4.6 Armour
 + Level 2.7 Dodging
 + Level 0.4 Stealth


You had 7 spell levels left.
You didn't know any spells.
Your spell library was empty.

Dungeon Overview and Level Annotations

Branches:
Dungeon (6/15)             Temple (0/1) D:5

Altars:
Fedhas
Makhleb
Xom

Shops:
D:2 (   D:5 ((?


Innate Abilities, Weirdness & Mutations

You are immune to sickness and miasma.
Your stone body is resilient. (AC +5)
You are immune to poison.
You resist negative energy. (rN+)
You are resistant to electric shocks. (rElec)
You are resistant to unholy torment.
You are immune to petrification.


Message History

The orc priest shouts!
You hit the orc priest but do no damage.
The orc priest completely misses you. The jelly hits you.
You are splashed with acid!
You hit the orc priest but do no damage.
You drain the orc priest.
You punch the orc priest, but do no damage.
The orc priest is moderately wounded.
The orc priest hits you with a +0 club. The jelly hits you but does no damage.
The orc priest calls down the wrath of Beogh upon you.
Beogh smites you!
* * * LOW HITPOINT WARNING * * *
You hear a shout!
You feel much better.
The orc priest invokes the aid of Beogh against you.
You struggle to resist.
The jelly closely misses you.
Your skin crawls.
You feel strong-willed. The orc priest barely misses you.
An orc comes into view. It is wielding a +0 club.
The jelly hits you but does no damage.
A red film seems to cover your vision as you go berserk!
You feel yourself moving faster!
You feel mighty! The orc priest hits you with a +0 club. The jelly hits you.
The acid corrodes you!
You are splashed with acid!
You sock the orc priest!
The orc priest is severely wounded.
You hit the orc priest.
The orc priest is almost dead.
The jelly hits you but does no damage. The orc priest hits you with a +0 club.
You hit the orc priest.
You kill the orc priest!
Trog accepts your kill. The jelly hits you.
* * * LOW HITPOINT WARNING * * *
The acid corrodes you!
You are splashed with acid!
* * * LOW HITPOINT WARNING * * *
The orc priest mumbles some strange prayers to Beogh against you.
Beogh smites you!
You die...

#.......#.#
##......#
.. ##...#.#
##..#.#
#..#.#
#>.#.#
#..#.#####
#..J......
##@#.#####
#o#.# #.# #
#o. ..o
###. . .#


You could see a jelly, an orc priest and 2 orcs.

Vanquished Creatures
  An ogre (D:5)
  4 necrophages (D:4)
  A gnoll sergeant (D:5)
  A scorpion (D:4)
  A water moccasin zombie (D:4)
  2 orc priests
  A hound (D:4)
  3 iguanas
  An orc wizard (D:5)
  A hound zombie (D:4)
  3 gnolls (D:5)
  5 adders
  An ufetubus (D:4)
  An adder zombie (D:4)
  A worm (D:2)
  14 orcs
  9 bats
  7 endoplasms
  3 giant cockroaches
  9 goblins
  6 hobgoblins
  2 jackals (D:2)
  5 quokkas
  5 ball pythons
  4 frilled lizards
  3 kobolds
  5 rats
99 creatures vanquished.

Notes
Turn   | Place    | Note
-------+----------+-------------------------------------------
     0 | D:1      | Pixllover the Gargoyle Berserker began the quest for the
                  | Orb.
     0 | D:1      | Reached XP level 1. HP: 14/14 MP: 1/1
    80 | D:1      | Found a faded altar of an unknown god.
   364 | D:1      | Reached XP level 2. HP: 19/19 MP: 2/2
   980 | D:2      | Reached XP level 3. HP: 18/23 MP: 3/3
  1225 | D:2      | Reached ** piety under Trog
  1231 | D:2      | Found Oxumyff's Weapon Shop.
  1242 | D:2      | Reached XP level 4. HP: 25/29 MP: 4/4
  1246 | D:2      | Reached skill level 4 in Maces & Flails
  2174 | D:3      | Reached XP level 5. HP: 33/33 MP: 5/5
  2477 | D:4      | Found a burning altar of Makhleb.
  2477 | D:4      | Noticed a blizzard demon
  2544 | D:4      | Reached skill level 5 in Maces & Flails
  2565 | D:4      | Found a blossoming altar of Fedhas.
  2842 | D:4      | Reached XP level 6. HP: 38/38 MP: 6/6
  3188 | D:4      | Reached skill level 6 in Maces & Flails
  3188 | D:4      | Reached XP level 7. HP: 42/43 MP: 7/7
  3287 | D:5      | Entered Level 5 of the Dungeon
  3391 | D:5      | Reached skill level 7 in Maces & Flails
  3414 | D:5      | Found Taovol's Antique Weapon Boutique.
  3429 | D:5      | Identified the +0 robe "Dufel" {Dex+6}
  3506 | D:5      | Reached *** piety under Trog
  3529 | D:5      | Found a shimmering altar of Xom.
  3571 | D:5      | Found a staircase to the Ecumenical Temple.
  3594 | D:5      | Found Kimeih's Antique Armour Boutique.
  3594 | D:5      | Found Duveabam's Weapon Boutique.
  3604 | D:5      | Found Jeoxya's Magic Scroll Boutique.
  3622 | D:5      | Reached XP level 8. HP: 48/48 MP: 8/8
  3628 | D:5      | Bought 3 scrolls of identify for 84 gold pieces
  3949 | D:6      | Killed from afar by an orc priest

Illustrated notes

Levels and vault maps discovered:
D:1:      zelgadis_glass_arrival_small, layout_loops_corners,
          chequers_ecumenical_altar_simple_redux
D:2:      layout_rooms, serial_shops, shop
D:3:      layout_loops_cross
D:4:      layout_basic, fedhas_altar_decomposition, makhleb_altar_promises_db,
          serial_park_tiny_2, hangedman_abyss_or_decor_stabs
D:5:      layout_basic, trog_butcher_becter, kennysheep_mini,
          minmay_temple_entry_sparse_star, hangedman_feature_mirror,
          minmay_misc_feat_room, minmay_shop_grid_forest
D:6:      layout_loops_ring, amcnicky_altar_gilded,
          nicolae_sif_muna_condensation, serial_shops, shop

Skill      XL: |  1  2  3  4  5  6  7 |
---------------+----------------------+-----
Maces & Flails | 4 5 6 7 |  7.3
Dodging        | 2 |  2.7
Armour         | 3 4 |  4.6
Fighting       | 4 |  4.6
Stealth        | |  0.4

Action                     |  1- 3 |  4- 6 |  7- 9 || total
---------------------------+-------+-------+-------++-------
  Melee: Mace              |   121 |   209 |    53 ||   383
         Punch             |       |     1 |     2 ||     3
         Flail             |       |       |    18 ||    18
  Throw: Dart              |       |       |     4 ||     4
 Invoke: Berserk           |       |       |     3 ||     3
         Trog's Hand       |       |       |     2 ||     2
    Use: Scroll            |       |     4 |     4 ||     8
         Potion            |       |     3 |     2 ||     5
 Armour: Scale mail        |   101 |    81 |       ||   182
         Animal skin       |     4 |       |       ||     4
         Chain mail        |       |    87 |    94 ||   181
  Dodge: Dodged            |    86 |   116 |    31 ||   233

Table legend: (Time is in decaauts)
 A = Elapsed time spent in this place.
 B = Non-inter-level travel time spent in this place.
 C = Inter-level travel time spent in this place.
 D = Time resting spent in this place.
 E = Time spent auto-exploring this place.
 F = Levels seen in this place.
 G = Mean time per level.
                   A        B        C        D        E       F      G
               +--------+--------+--------+--------+--------+-----+--------+
         Total |   4012 |   3734 |    278 |      0 |   2083 |   6 |  668.7 |
       Dungeon |   4012 |   3734 |    278 |      0 |   2083 |   6 |  668.7 |
               +--------+--------+--------+--------+--------+-----+--------+

Top non-repeatable levels by time:
     D:4: 994 daAuts
     D:1: 969 daAuts
     D:3: 863 daAuts
     D:2: 698 daAuts
     D:5: 455 daAuts
     D:6: 31 daAuts
